[Event "43rd Indian-chT 2023-24"]
[Site "Dharamsala"]
[Date "2024.03.29"]
[Round "1.1"]
[White "Ardhendu Sekhar Mandal"]
[Black "Krishna C R G"]
[Result "0-1"]
[ECO "C42"]
[WhiteElo "1654"]
[BlackElo "2445"]
[Annotator "RC"]
[PlyCount "76"]
[EventDate "2024.03.28"]
[EventType "team-tourn"]
[EventCountry "IND"]
[SourceTitle "playchess.com"]
[Source "ChessBase"]
[SourceQuality "1"]
[TimeControl "5400+30"]

1. e4 d6 2. Nf3 Nf6 3. Nc3 e5 4. Bc4 Be7 5. d3 c6 6. Bg5 a5 7. a4 Nbd7 8. O-O Nf8 9. h3 h6 10. Bh4 g5 11. Bg3 Ng6 12. Qd2 Rg8 13. d4 Qc7 14. d5 Nf4 15. Bxf4 gxf4 16. Kh2 Bd7 17. Rad1 Qc8 18. Qd3 Kf8 19. Ne2 cxd5 20. Bxd5 Nxd5 21. Nxe5 dxe5 22. Qxd5 Rxg2+ 23. Kxg2 Bxh3+ 24. Kh2 Qg4 25. Ng3 fxg3+ 26. fxg3 Bxf1 27. Rxf1 Qh5+ 28. Kg2 Rd8 29. Qxa5 Qe2+ 30. Rf2 Qxe4+ 31. Rf3 Qxc2+ 32. Rf2 Qc6+ 33. Kh3 Qh1+ 34. Rh2 Qf1+ 35. Rg2 Qf5+ 36. g4 Rd3+ 37. Rg3 Qf1+ 38. Kh2 Qf2+ 0-1

[Event "43rd Indian-chT 2023-24"]
[Site "Dharamsala"]
[Date "2024.03.29"]
[Round "1.2"]
[White "Ghosh, Diptayan"]
[Black "Chandrasekhar, M K"]
[Result "1-0"]
[ECO "D30"]
[WhiteElo "2559"]
[BlackElo "1839"]
[Annotator "RC"]
[PlyCount "41"]
[EventDate "2024.03.28"]
[EventType "team-tourn"]
[EventCountry "IND"]
[SourceTitle "playchess.com"]
[Source "ChessBase"]
[SourceQuality "1"]
[TimeControl "5400+30"]

1. Nf3 Nf6 2. c4 e6 3. g3 d5 4. Bg2 dxc4 5. Qa4+ c6 6. Qxc4 b5 7. Qb3 Bb7 8. d4 c5 9. Qxb5+ Bc6 10. Qc4 Bd5 11. Qa4+ Bc6 12. Qd1 cxd4 13. O-O Bc5 14. Nbd2 d3 15. exd3 Qxd3 16. Ne5 Qa6 17. Nxc6 Nxc6 18. Qc2 Qb6 19. Nb3 Nd7 20. Nxc5 Nxc5 21. Be3 1-0

[Event "43rd Indian-chT 2023-24"]
[Site "Dharamsala"]
[Date "2024.03.29"]
[Round "1.3"]
[White "Ajay Kumar Rai"]
[Black "Visakh N R"]
[Result "0-1"]
[ECO "E14"]
[WhiteElo "1816"]
[BlackElo "2521"]
[Annotator "RC"]
[PlyCount "100"]
[EventDate "2024.03.28"]
[EventType "team-tourn"]
[EventCountry "IND"]
[SourceTitle "playchess.com"]
[Source "ChessBase"]
[SourceQuality "1"]
[TimeControl "5400+30"]

1. d4 Nf6 2. Nf3 e6 3. e3 b6 4. Bd3 Bb7 5. O-O Be7 6. c4 O-O 7. b3 c5 8. dxc5 bxc5 9. Bb2 Nc6 10. Nc3 Qc7 11. Rc1 Rad8 12. Qe2 Ng4 13. Ne4 f5 14. Ned2 Bf6 15. Bxf6 Rxf6 16. Rfd1 Rh6 17. h3 Rf8 18. Nf1 Nge5 19. Nxe5 Nxe5 20. Ng3 Rff6 21. f4 Rfg6 22. Qf2 Nxd3 23. Rxd3 Qc6 24. e4 fxe4 25. Re3 Qd6 26. Nxe4 Bxe4 27. Rxe4 Rxh3 28. Re3 Rh5 29. Qf3 Qd2 30. Rce1 Rgh6 31. Qe2 Qd4 32. Qf3 Rh4 33. Rf1 Kf7 34. Qe4 Rh1+ 35. Kf2 Rxf1+ 36. Kxf1 Rh1+ 37. Kf2 Ra1 38. a4 Ra2+ 39. Kf3 Qxe4+ 40. Rxe4 Ra3 41. Re3 d5 42. Rc3 dxc4 43. Rxc4 Rxb3+ 44. Kg4 Rb4 45. Rxc5 Rxa4 46. Kf3 Kf6 47. g4 h6 48. Rc6 g6 49. Rc8 g5 50. fxg5+ hxg5 0-1

[Event "43rd Indian-chT 2023-24"]
[Site "Dharamsala"]
[Date "2024.03.29"]
[Round "1.4"]
[White "Neelash Saha"]
[Black "Himanshu, Moudgil"]
[Result "1-0"]
[ECO "A45"]
[WhiteElo "2463"]
[BlackElo "1684"]
[Annotator "RC"]
[PlyCount "44"]
[EventDate "2024.03.28"]
[EventType "team-tourn"]
[EventCountry "IND"]
[SourceTitle "playchess.com"]
[Source "ChessBase"]
[SourceQuality "1"]
[TimeControl "5400+30"]

1. d4 Nf6 2. Bg5 g6 3. Bxf6 exf6 4. g3 Bg7 5. Bg2 O-O 6. e3 d5 7. Ne2 Bg4 8. c4 dxc4 9. h3 Bxe2 10. Qxe2 c6 11. Qxc4 Nd7 12. O-O f5 13. Nc3 Nf6 14. b4 Rc8 15. Rab1 h5 16. h4 Ng4 17. Ne2 Bf6 18. Nf4 Kg7 19. Qd3 Bxh4 20. gxh4 Qxh4 21. Nh3 Rfe8 22. Rfe1 Rcd8 1-0

[Event "43rd Indian-chT 2023-24"]
[Site "Dharamsala"]
[Date "2024.03.29"]
[Round "1.5"]
[White "Shyaamnikhil P"]
[Black "Piyush Kumar Mishra"]
[Result "1-0"]
[ECO "C12"]
[WhiteElo "2405"]
[BlackElo "1619"]
[Annotator "RC"]
[PlyCount "63"]
[EventDate "2024.03.28"]
[EventType "team-tourn"]
[EventCountry "IND"]
[SourceTitle "playchess.com"]
[Source "ChessBase"]
[SourceQuality "1"]
[TimeControl "5400+30"]

1. e4 e6 2. d4 d5 3. Nc3 Nf6 4. Bg5 h6 5. Bxf6 Qxf6 6. Nge2 Qd8 7. g3 Be7 8. Bg2 c6 9. O-O Nd7 10. Nf4 O-O 11. Re1 dxe4 12. Rxe4 Nf6 13. Re1 Nd5 14. Nce2 Bd6 15. Nd3 Qf6 16. c3 h5 17. Nec1 h4 18. Nb3 Bc7 19. Ne5 Bxe5 20. dxe5 Qg5 21. c4 Ne7 22. f4 Qh6 23. Nc5 Nf5 24. g4 h3 25. gxf5 hxg2 26. f6 Qxf4 27. Re4 Qf1+ 28. Qxf1 gxf1=Q+ 29. Rxf1 b6 30. Rg4 Rd8 31. Rxg7+ Kf8 32. Ne4 1-0

[Event "43rd Indian-chT 2023-24"]
[Site "Dharamsala"]
[Date "2024.03.29"]
[Round "1.6"]
[White "Dev Raj"]
[Black "Das, Sayantan"]
[Result "0-1"]
[ECO "B30"]
[WhiteElo "1744"]
[BlackElo "2502"]
[Annotator "RC"]
[PlyCount "44"]
[EventDate "2024.03.28"]
[EventType "team-tourn"]
[EventCountry "IND"]
[SourceTitle "playchess.com"]
[Source "ChessBase"]
[SourceQuality "1"]
[TimeControl "5400+30"]

1. e4 c5 2. Nc3 Nc6 3. Bb5 Nd4 4. Nf3 e6 5. O-O a6 6. Bd3 Ne7 7. Nxd4 cxd4 8. Ne2 Nc6 9. c3 Bc5 10. a4 O-O 11. b4 Bb6 12. Bb2 d5 13. Qb1 dxc3 14. dxc3 Qh4 15. exd5 Ne5 16. Nd4 exd5 17. Bf5 Nc4 18. Bxc8 Raxc8 19. Nf3 Qf6 20. Ra2 Nxb2 21. Rxb2 Rxc3 22. Rd2 Rxf3 0-1

[Event "43rd Indian-chT 2023-24"]
[Site "Dharamsala"]
[Date "2024.03.29"]
[Round "1.7"]
[White "Swapnil, S. Dhopade"]
[Black "Rupesh B Ramchandra"]
[Result "1-0"]
[ECO "E11"]
[WhiteElo "2454"]
[BlackElo "1819"]
[Annotator "TA"]
[PlyCount "97"]
[EventDate "2024.03.28"]
[EventType "team-tourn"]
[EventCountry "IND"]
[SourceTitle "playchess.com"]
[Source "ChessBase"]
[SourceQuality "1"]
[TimeControl "5400+30"]

1. d4 Nf6 2. c4 e6 3. Nf3 Bb4+ 4. Bd2 Qe7 5. g3 Bxd2+ 6. Qxd2 d5 7. Bg2 Ne4 8. Qc2 Nc6 {[%emt 0:08:07] White has an edge.} 9. O-O O-O 10. Nc3 Nxc3 11. Qxc3 Qb4 12. Rfc1 Qxc3 13. Rxc3 Ne7 14. cxd5 Nxd5 15. Rb3 Rd8 16. Rc1 c6 17. Ne5 {[%emt 0:03:56][%cal Bf3e5,Be5d3,Bd3c5][%mdl 32] White stays focused until the end.} Nb6 18. e3 {[%emt 0:00:04] White has more active pieces.} f6 19. Nd3 e5 20. dxe5 Be6 21. Ra3 $36 {[%emt 0:01:34][%mdl 2048] White is in control.} Nc4 {[%emt 0:02:59] [#]} 22. Nc5 $1 Bd5 ({Don't go for} 22... Nxa3 $2 23. Nxe6 Rd2 24. bxa3 $18) (22... Bc8 23. Nxb7) 23. e4 Nxa3 (23... Bf7 $16) 24. exd5 $18 cxd5 25. bxa3 fxe5 (25... Rac8 $16) 26. Nxb7 Rd7 {[%emt 0:00:29] [#]} 27. Rd1 $1 Rb8 28. Nc5 (28. Rxd5 $2 {perishes.} Rbxb7 (28... Rdxb7 29. Rxe5 Rb1+ 30. Bf1 $17) 29. Kf1 Rb1+ 30. Ke2 Rxd5 31. Bxd5+ Kf8 $17) 28... Rd6 29. Bxd5+ Kh8 {[%emt 0:00:22] And now ...Rbd8 would win.} 30. Ne4 Rd7 31. Kg2 Rbd8 32. Nc3 e4 33. Rb1 g6 34. Bxe4 Rd2 35. Re1 Rc8 36. Re2 Rxe2 37. Nxe2 Rc4 38. Bd5 Ra4 39. Bb3 Rxa3 40. f4 Ra5 41. Kf3 g5 $2 (41... Rc5 42. Ke4 Rh5) 42. h4 gxf4 43. gxf4 Rc5 44. Ng3 a5 45. f5 a4 46. Bxa4 Rc3+ 47. Kg2 Rc4 48. Bb3 Rxh4 49. f6 {[%emt 0:01:23] Weighted Error Value: White=0.11 (very precise) /Black=0.44.  Mistake:       	---       	Black=3      Inaccurate:     	White=1     	Black=4      OK:         	White=20    	Black=15     Best:        	White=3     	---} 1-0

[Event "43rd Indian-chT 2023-24"]
[Site "Dharamsala"]
[Date "2024.03.29"]
[Round "1.8"]
[White "Rahul, Kumar"]
[Black "Gusain, Himal"]
[Result "0-1"]
[ECO "B44"]
[WhiteElo "1834"]
[BlackElo "2484"]
[Annotator "TA"]
[PlyCount "82"]
[EventDate "2024.03.28"]
[EventType "team-tourn"]
[EventCountry "IND"]
[SourceTitle "playchess.com"]
[Source "ChessBase"]
[SourceQuality "1"]
[TimeControl "5400+30"]

1. e4 c5 2. Nf3 e6 3. d4 cxd4 4. Nxd4 Nc6 5. Nxc6 bxc6 6. Bd3 e5 7. O-O Bc5 8. Qg4 Qf6 {[%emt 0:00:42] The position is equal.} 9. Qg3 d6 10. Nd2 Ne7 11. Nc4 Ng6 12. Bg5 Qe6 13. Ne3 f6 {[%emt 0:12:31] [#]} 14. Nf5 $1 O-O 15. Be3 Bxe3 16. fxe3 Kh8 (16... Rd8 $1 $11) 17. h4 (17. Be2 $1 $14) 17... Rf7 {[%emt 0:00:33] [#]} (17... Rg8 $1 $11 {remains equal.}) 18. b3 (18. Rad1 $1 $16) 18... Ne7 $11 19. c4 g6 20. Nh6 Rf8 21. Rf2 ({White should try} 21. c5 $14) 21... Ng8 (21... Kg7 $5 22. Nf5+ $8 Kh8 $11) 22. Nxg8 Kxg8 23. Rd1 (23. c5 {with more complications.} Kg7 24. Bc4 Qe7 25. cxd6 Qxd6 26. Rc2) 23... c5 (23... Kg7 {looks sharper.} 24. h5 a5 25. Be2 c5) 24. Rfd2 (24. h5 {keeps more tension.} Kg7 25. Be2 a5 26. Qh4) 24... a5 25. Be2 Ra6 26. Bf3 Kf7 27. Qf2 h5 28. Rd3 Ke7 29. Qd2 Bb7 30. Qe1 g5 31. hxg5 (31. Bxh5 $2 Bxe4 32. hxg5 Bxd3 (32... fxg5 33. R3d2 $15) 33. Rxd3 Qf5 (33... fxg5 $2 34. Qe2 $19) 34. gxf6+ Rxf6 $19) 31... fxg5 32. Bxh5 Bxe4 {[%emt 0:00:06][%cal Oe6h6] Strongly threatening ...Qh6!} 33. R3d2 {[%emt 0:00:15] [#]} Rh8 $1 {[%emt 0:01:16] Black is more active.} 34. Qe2 Qh6 {[%emt 0:01:09] Some like it hot} 35. g4 ({Wrong is} 35. Qg4 $2 Bb7 $19 (35... Qxh5 36. Qxe4 Qh1+ 37. Kf2 $16) (35... Qxh5 36. Qxe4 Rb6 37. g3 $17)) 35... Rf8 36. Rf1 {[%emt 0:00:43] Dodges Bf3} Raa8 37. Rdd1 Rxf1+ 38. Rxf1 Rf8 {[%emt 0:00:07] Prevents Rf7+} 39. Rf2 Rxf2 40. Kxf2 Qf6+ 41. Ke1 Bb1 {[%emt 0:00:05][%mdl 32768] Weighted Error Value: White=0.16 (very precise) /Black=0.13 (very precise) .  Mistake:       	White=3     	Black=3      Inaccurate:     	White=5     	Black=2      OK:         	White=10    	Black=14     Best:        	White=2     	Black=3      Strong:       	White=1     	Black=1     . Loss on time!?} (41... Bh1 $17 42. Qd2 e4) 0-1

[Event "43rd Indian-chT 2023-24"]
[Site "Dharamsala"]
[Date "2024.03.30"]
[Round "2.1"]
[White "Krishna C R G"]
[Black "Dhruv Dak"]
[Result "1-0"]
[ECO "E14"]
[WhiteElo "2445"]
[BlackElo "1799"]
[Annotator "ChessBase"]
[PlyCount "69"]
[EventDate "2024.03.28"]
[EventType "team-tourn"]
[EventCountry "IND"]
[SourceTitle "playchess.com"]
[Source "ChessBase"]
[SourceQuality "1"]
[TimeControl "5400+30"]

1. d4 Nf6 2. Nf3 e6 3. e3 b6 4. Bd3 Bb7 5. O-O Be7 6. c4 O-O 7. Nc3 c5 8. d5 exd5 9. cxd5 d6 10. e4 Nbd7 11. Bf4 a6 12. a4 Qc7 13. Nd2 Ne8 14. Bg3 Ne5 15. Be2 Ng6 16. Nc4 Rb8 17. f4 Bc8 18. e5 Bf5 19. Qd2 Qd8 20. Rfe1 Bd7 21. Bf1 b5 22. axb5 axb5 23. Na5 dxe5 24. fxe5 Bg5 25. Qf2 Rb6 26. Qxc5 Bh4 27. Bxb5 Bxb5 28. Nxb5 Bxg3 29. hxg3 Qb8 30. Nd4 Rxb2 31. Nac6 Qb6 32. Qxb6 Rxb6 33. Ra7 f6 34. Ne6 Nxe5 35. Ne7+ 1-0

[Event "43rd Indian-chT 2023-24"]
[Site "Dharamsala"]
[Date "2024.03.30"]
[Round "2.2"]
[White "Naman Porwal"]
[Black "Aronyak Ghosh"]
[Result "0-1"]
[ECO "B56"]
[WhiteElo "1737"]
[BlackElo "2517"]
[Annotator "ChessBase"]
[PlyCount "78"]
[EventDate "2024.03.28"]
[EventType "team-tourn"]
[EventCountry "IND"]
[SourceTitle "playchess.com"]
[Source "ChessBase"]
[SourceQuality "1"]
[TimeControl "5400+30"]

1. e4 c5 2. Nf3 d6 3. d4 cxd4 4. Nxd4 Nf6 5. Nc3 Bd7 6. Bd3 Nc6 7. Nde2 g6 8. O-O Bg7 9. h3 O-O 10. Be3 Rc8 11. Qd2 Ne5 12. f4 Nc4 13. Qc1 Nxe3 14. Qxe3 Qa5 15. Rad1 Bc6 16. Nc1 Nd7 17. Nb3 Qb6 18. Qxb6 Nxb6 19. Rde1 Bxc3 20. bxc3 e5 21. Na5 f6 22. Rb1 Kf7 23. Rxb6 axb6 24. Nc4 Ke7 25. Nxb6 Rce8 26. f5 Rg8 27. a4 gxf5 28. Rxf5 Rg3 29. Rf3 Rxf3 30. gxf3 f5 31. exf5 Bxf3 32. Kf2 Bc6 33. Bc4 Rd8 34. Be6 d5 35. Ke3 Kf6 36. h4 d4+ 37. cxd4 Rxd4 38. a5 Rxh4 39. c4 Rh3+ 0-1

[Event "43rd Indian-chT 2023-24"]
[Site "Dharamsala"]
[Date "2024.03.30"]
[Round "2.3"]
[White "Ghosh, Diptayan"]
[Black "Chandrajeet Singh Rajawat"]
[Result "1-0"]
[ECO "E18"]
[WhiteElo "2559"]
[BlackElo "1819"]
[Annotator "RC"]
[PlyCount "61"]
[EventDate "2024.03.28"]
[EventType "team-tourn"]
[EventCountry "IND"]
[SourceTitle "playchess.com"]
[Source "ChessBase"]
[SourceQuality "1"]
[TimeControl "5400+30"]

1. Nf3 d5 2. g3 Nf6 3. Bg2 e6 4. O-O b6 5. c4 Bb7 6. cxd5 Nxd5 7. d4 Be7 8. Ne5 O-O 9. e4 Nf6 10. Nc3 c5 11. d5 exd5 12. exd5 a6 13. Nc6 Qc7 14. Nxe7+ Qxe7 15. Bg5 Qe5 16. Bf4 Qf5 17. Re1 Nbd7 18. Ne4 Nxe4 19. Bxe4 Qh3 20. Bg2 Qf5 21. Be4 Qh3 22. Qd3 Nf6 23. Bg2 Qd7 24. Rad1 Rad8 25. Bg5 Qd6 26. Bf4 Qd7 27. Bg5 Qd6 28. Qc3 Rd7 29. Bf4 Nxd5 30. Bxd6 Nxc3 31. bxc3 1-0

[Event "43rd Indian-chT 2023-24"]
[Site "Dharamsala"]
[Date "2024.03.30"]
[Round "2.4"]
[White "Gautam Kataria"]
[Black "Visakh N R"]
[Result "0-1"]
[ECO "D27"]
[WhiteElo "1855"]
[BlackElo "2521"]
[Annotator "RC"]
[PlyCount "104"]
[EventDate "2024.03.28"]
[EventType "team-tourn"]
[EventCountry "IND"]
[SourceTitle "playchess.com"]
[Source "ChessBase"]
[SourceQuality "1"]
[TimeControl "5400+30"]

1. d4 Nf6 2. c4 e6 3. Nf3 d5 4. Nc3 dxc4 5. e3 a6 6. a4 c5 7. Bxc4 Nc6 8. O-O Be7 9. dxc5 Bxc5 10. Qe2 O-O 11. Rd1 Qc7 12. h3 b6 13. Bd2 Bb7 14. Rac1 Ne5 15. Nxe5 Qxe5 16. Ba2 Qg5 17. e4 Qh4 18. Bb1 Nh5 19. Be3 Nf4 20. Qf3 Bxe3 21. Qxe3 Qg5 22. Qg3 Qh6 23. Bd3 Rac8 24. Bf1 e5 25. Qe3 Qg6 26. g3 b5 27. Kh2 b4 28. gxf4 bxc3 29. f5 Qc6 30. Bd3 Qxa4 31. bxc3 Qc6 32. Bb1 Rfd8 33. Rg1 Kf8 34. Rg3 Qc5 35. Qe2 Rd6 36. Rcg1 g6 37. fxg6 hxg6 38. Rf3 Ke8 39. Rd1 Rcd8 40. Rxd6 Rxd6 41. Qb2 Qb6 42. Qc1 Rf6 43. Rxf6 Qxf6 44. Qb2 Bc8 45. Qd2 Qf3 46. Qd3 Qxf2+ 47. Kh1 Be6 48. Bc2 Kf8 49. Qd6+ Kg8 50. Qd8+ Kg7 51. Qd3 Bxh3 52. Qxh3 Qxc2 0-1

[Event "43rd Indian-chT 2023-24"]
[Site "Dharamsala"]
[Date "2024.03.30"]
[Round "2.5"]
[White "Sharma, Dinesh K."]
[Black "Vignesh N R"]
[Result "1/2-1/2"]
[ECO "C70"]
[WhiteElo "2209"]
[BlackElo "2525"]
[Annotator "ChessBase"]
[PlyCount "63"]
[EventDate "2024.03.28"]
[EventType "team-tourn"]
[EventCountry "IND"]
[SourceTitle "playchess.com"]
[Source "ChessBase"]
[SourceQuality "1"]
[TimeControl "5400+30"]

1. e4 e5 2. Nf3 Nc6 3. Bb5 a6 4. Ba4 Bc5 5. O-O Nge7 6. Nxe5 Nxe5 7. d4 b5 8. Bb3 Bxd4 9. Qxd4 d6 10. f4 c5 11. Qd1 c4 12. fxe5 Qb6+ 13. Kh1 dxe5 14. Bxc4 bxc4 15. Nd2 Qc5 16. b3 Be6 17. Nxc4 Bxc4 18. bxc4 Rd8 19. Qf3 Qxc4 20. Ba3 Qe6 21. Qb3 Qxb3 22. axb3 Nc6 23. Bc5 a5 24. c3 Rd3 25. Rf3 Rxf3 26. gxf3 Kd7 27. Rd1+ Kc7 28. Kg2 Rd8 29. Rd5 f6 30. Kf2 Ra8 31. Bd6+ Kc8 32. f4 1/2-1/2

[Event "43rd Indian-chT 2023-24"]
[Site "Dharamsala"]
[Date "2024.03.30"]
[Round "2.6"]
[White "Das, Sayantan"]
[Black "Ashutosh Mohapatra"]
[Result "1-0"]
[ECO "B31"]
[WhiteElo "2502"]
[BlackElo "1924"]
[Annotator "RC"]
[PlyCount "124"]
[EventDate "2024.03.28"]
[EventType "team-tourn"]
[EventCountry "IND"]
[SourceTitle "playchess.com"]
[Source "ChessBase"]
[SourceQuality "1"]
[TimeControl "5400+30"]

1. e4 c5 2. Nf3 Nc6 3. Bb5 g6 4. O-O Bg7 5. c3 a6 6. Bxc6 dxc6 7. h3 e5 8. d3 Ne7 9. a4 a5 10. Na3 Qc7 11. Qb3 b6 12. Nc4 Rb8 13. Ng5 O-O 14. Qc2 h6 15. Nf3 Be6 16. Be3 f5 17. Qe2 f4 18. Bd2 g5 19. b4 axb4 20. cxb4 cxb4 21. Bxb4 c5 22. Bc3 Nc6 23. Nfd2 Qd7 24. Ra3 Kh7 25. Rb1 Rfd8 26. Ba1 Qc7 27. Rc1 Kg6 28. Rb3 h5 29. Rcb1 Nb4 30. Bc3 Rxd3 31. Bxb4 Rxb3 32. Rxb3 cxb4 33. Rxb4 Bf8 34. Rb5 Bc5 35. Nf3 Bxc4 36. Qxc4 Kf6 37. Qe2 Ra8 38. Ne1 Qf7 39. Qc2 Qd7 40. Nd3 Bd4 41. Rd5 Rc8 42. Qd1 Qh7 43. Qb3 Qc7 44. Qb5 Rd8 45. Kf1 g4 46. a5 bxa5 47. Qa6+ Qb6 48. Qc4 Rxd5 49. exd5 f3 50. gxf3 gxf3 51. Ne1 Bxf2 52. Nxf3 Bg3 53. Qe2 a4 54. Nd2 Bf4 55. Ne4+ Ke7 56. d6+ Kd7 57. Qd3 Qc6 58. Nf6+ Ke6 59. d7 Qc1+ 60. Ke2 Qb2+ 61. Kf3 Qb7+ 62. Ne4 Qb6 1-0

[Event "43rd Indian-chT 2023-24"]
[Site "Dharamsala"]
[Date "2024.03.30"]
[Round "2.7"]
[White "Rajith V."]
[Black "Swapnil, S. Dhopade"]
[Result "0-1"]
[ECO "D40"]
[WhiteElo "1695"]
[BlackElo "2454"]
[Annotator "RC"]
[PlyCount "68"]
[EventDate "2024.03.28"]
[EventType "team-tourn"]
[EventCountry "IND"]
[SourceTitle "playchess.com"]
[Source "ChessBase"]
[SourceQuality "1"]
[TimeControl "5400+30"]

1. e4 c6 2. d4 d5 3. exd5 cxd5 4. c4 Nf6 5. Nc3 e6 6. Nf3 Be7 7. Be2 O-O 8. O-O dxc4 9. Bxc4 Nc6 10. Bf4 b6 11. Rc1 Bb7 12. a3 Rc8 13. Ba2 Bd6 14. Bg5 Be7 15. Qd3 Nd5 16. Bb1 g6 17. Bh6 Re8 18. Ne4 Bf8 19. Bg5 f6 20. Bd2 Rc7 21. h4 Rd7 22. Rfd1 Bg7 23. h5 Nce7 24. Ng3 Nf5 25. hxg6 hxg6 26. Nxf5 gxf5 27. g4 Ne7 28. Bc3 Ng6 29. Qe3 Bf8 30. Re1 Rg7 31. Bxf5 exf5 32. Qxe8 Qxe8 33. Rxe8 Bxf3 34. d5 Rh7 0-1

[Event "43rd Indian-chT 2023-24"]
[Site "Dharamsala"]
[Date "2024.03.30"]
[Round "2.8"]
[White "Gusain, Himal"]
[Black "Gajendra, Singh"]
[Result "1-0"]
[ECO "C11"]
[WhiteElo "2484"]
[BlackElo "1798"]
[Annotator "ChessBase"]
[PlyCount "61"]
[EventDate "2024.03.28"]
[EventType "team-tourn"]
[EventCountry "IND"]
[SourceTitle "playchess.com"]
[Source "ChessBase"]
[SourceQuality "1"]
[TimeControl "5400+30"]

1. e4 e6 2. d4 d5 3. Nc3 Nf6 4. e5 Nfd7 5. f4 c5 6. Nf3 Nc6 7. Be3 a6 8. Qd2 cxd4 9. Nxd4 Qc7 10. O-O-O Nb6 11. Qf2 Bc5 12. Kb1 Bxd4 13. Bxd4 Nxd4 14. Rxd4 Bd7 15. Qg3 O-O 16. Bd3 f5 17. exf6 Rxf6 18. Qe3 Re8 19. Re1 Bc6 20. g4 g6 21. h4 Ref8 22. h5 Bd7 23. hxg6 hxg6 24. Rh1 Bc8 25. f5 exf5 26. gxf5 Bxf5 27. Rdh4 Qg7 28. Bxf5 Rxf5 29. Qxb6 g5 30. Qe6+ R8f7 31. Rh6 1-0

[Event "43rd Indian-chT 2023-24"]
[Site "Dharamsala"]
[Date "2024.03.30"]
[Round "3.1"]
[White "Mummana Venkata Ruthvik"]
[Black "Aronyak Ghosh"]
[Result "0-1"]
[ECO "B12"]
[WhiteElo "1868"]
[BlackElo "2517"]
[Annotator "RC"]
[PlyCount "52"]
[EventDate "2024.03.28"]
[EventType "team-tourn"]
[EventCountry "IND"]
[SourceTitle "playchess.com"]
[Source "ChessBase"]
[SourceQuality "1"]
[TimeControl "5400+30"]

1. e4 c6 2. d4 d5 3. e5 Bf5 4. h4 h6 5. g4 Be4 6. f3 Bh7 7. e6 Nf6 8. Bd3 Qd6 9. exf7+ Kxf7 10. Ne2 Nbd7 11. Bxh7 Rxh7 12. Nbc3 e5 13. Be3 c5 14. dxc5 Qc6 15. Rg1 g5 16. hxg5 hxg5 17. Bxg5 Bxc5 18. Rf1 d4 19. Ne4 Nxe4 20. fxe4+ Kg6 21. Qd2 Rc8 22. a3 Rh3 23. O-O-O Rxa3 24. Kb1 Bb4 25. Qc1 Qa4 26. bxa3 Bxa3 0-1

[Event "43rd Indian-chT 2023-24"]
[Site "Dharamsala"]
[Date "2024.03.30"]
[Round "3.2"]
[White "Ghosh, Diptayan"]
[Black "Swarna Nihal"]
[Result "1-0"]
[ECO "A35"]
[WhiteElo "2559"]
[BlackElo "2003"]
[Annotator "RC"]
[PlyCount "63"]
[EventDate "2024.03.28"]
[EventType "team-tourn"]
[EventCountry "IND"]
[SourceTitle "playchess.com"]
[Source "ChessBase"]
[SourceQuality "1"]
[TimeControl "5400+30"]

1. Nf3 c5 2. c4 Nc6 3. Nc3 g6 4. e3 Nf6 5. d4 cxd4 6. exd4 d5 7. cxd5 Nxd5 8. Qb3 Nxc3 9. Bc4 Nd5 10. Bxd5 e6 11. Bxc6+ bxc6 12. O-O Qd5 13. Qc2 f6 14. Re1 Kf7 15. b3 Bd6 16. Bb2 Bb7 17. Rad1 Rad8 18. Qc1 Bb4 19. Bc3 Bxc3 20. Qxc3 g5 21. Qe3 h5 22. Rc1 Qf5 23. Nd2 h4 24. Ne4 Rd5 25. Rc4 a5 26. Nc3 Rd6 27. Rc5 Qg4 28. Ne4 Rd7 29. Nxg5+ Kg6 30. Nxe6 h3 31. Nf4+ Kf7 32. f3 1-0

[Event "43rd Indian-chT 2023-24"]
[Site "Dharamsala"]
[Date "2024.03.30"]
[Round "3.3"]
[White "Srinivasa Rao, M.."]
[Black "Visakh N R"]
[Result "0-1"]
[ECO "A09"]
[WhiteElo "2059"]
[BlackElo "2521"]
[Annotator "RC"]
[PlyCount "104"]
[EventDate "2024.03.28"]
[EventType "team-tourn"]
[EventCountry "IND"]
[SourceTitle "playchess.com"]
[Source "ChessBase"]
[SourceQuality "1"]
[TimeControl "5400+30"]

1. Nf3 Nf6 2. c4 e6 3. g3 d5 4. Bg2 d4 5. O-O c5 6. d3 Nc6 7. e3 Bd6 8. exd4 cxd4 9. a3 a5 10. b4 axb4 11. Bb2 O-O 12. Re1 e5 13. c5 Bxc5 14. Nxe5 Nxe5 15. Rxe5 Qd6 16. Rxc5 Qxc5 17. axb4 Qxb4 18. Rxa8 Qxb2 19. Nd2 Be6 20. Rxf8+ Kxf8 21. Qe1 Qb4 22. Nf3 Qxe1+ 23. Nxe1 Bd5 24. Nc2 Bxg2 25. Kxg2 Nd7 26. Kf3 Nc5 27. Nxd4 Nxd3 28. Ke3 Nc5 29. Nf5 g6 30. Nd6 Ke7 31. Nb5 Kd7 32. Kd4 Ne6+ 33. Ke5 Nc7 34. Nc3 Ke7 35. h4 h5 36. f3 f6+ 37. Kd4 Ne6+ 38. Ke4 Kd6 39. g4 Ng7 40. Kf4 b6 41. Ne4+ Ke7 42. Nc3 Ne6+ 43. Ke4 Kd6 44. Nb5+ Kc5 45. Na3 Ng7 46. Nb1 b5 47. Nd2 b4 48. Nb3+ Kc4 49. Na5+ Kc3 50. Ke3 b3 51. Nxb3 Kxb3 52. Kd4 Kc2 0-1

[Event "43rd Indian-chT 2023-24"]
[Site "Dharamsala"]
[Date "2024.03.30"]
[Round "3.4"]
[White "Neelash Saha"]
[Black "Sathwik D S S U"]
[Result "1-0"]
[ECO "D45"]
[WhiteElo "2463"]
[BlackElo "1783"]
[Annotator "ChessBase"]
[PlyCount "61"]
[EventDate "2024.03.28"]
[EventType "team-tourn"]
[EventCountry "IND"]
[SourceTitle "playchess.com"]
[Source "ChessBase"]
[SourceQuality "1"]
[TimeControl "5400+30"]

1. d4 d5 2. c4 c6 3. Nf3 Nf6 4. e3 e6 5. Qc2 Nbd7 6. b3 b6 7. Bd3 Bd6 8. Bb2 Bb7 9. O-O O-O 10. Nc3 Re8 11. Rad1 Qc7 12. h3 Rad8 13. Qb1 h6 14. Rc1 Qb8 15. Rfd1 e5 16. cxd5 cxd5 17. dxe5 Nxe5 18. Nxe5 Bxe5 19. Ne2 Ne4 20. Bxe5 Rxe5 21. Nd4 Rde8 22. Qb2 a6 23. f4 R5e6 24. Nxe6 Rxe6 25. Qd4 Nc5 26. Bf5 Re7 27. b4 Nd7 28. Bxd7 Rxd7 29. Qxb6 Rd6 30. Qc7 Qxc7 31. Rxc7 1-0

[Event "43rd Indian-chT 2023-24"]
[Site "Dharamsala"]
[Date "2024.03.30"]
[Round "3.5"]
[White "Shyaamnikhil P"]
[Black "Vrashank Chouhan"]
[Result "1-0"]
[ECO "C01"]
[WhiteElo "2405"]
[BlackElo "2330"]
[Annotator "ChessBase"]
[PlyCount "85"]
[EventDate "2024.03.28"]
[EventType "team-tourn"]
[EventCountry "IND"]
[SourceTitle "playchess.com"]
[Source "ChessBase"]
[SourceQuality "1"]
[TimeControl "5400+30"]

1. e4 e6 2. d4 d5 3. Nc3 Bb4 4. exd5 exd5 5. Bd3 Ne7 6. a3 Bxc3+ 7. bxc3 Bf5 8. Ne2 O-O 9. O-O Bxd3 10. cxd3 Nbc6 11. Nf4 Qd7 12. Qf3 Rad8 13. Ra2 Qf5 14. h4 Rd6 15. g4 Rg6 16. g5 h6 17. Qg3 Rd6 18. Re2 hxg5 19. hxg5 Ng6 20. Kg2 Nxf4+ 21. Bxf4 Rg6 22. Rh1 f6 23. Qh3 fxg5 24. Qxf5 Rff6 25. Bxc7 Rxf5 26. Re5 Rh6 27. Re8+ Kf7 28. Rhe1 Rhf6 29. Bg3 Rf3 30. R8e3 g4 31. a4 R6f5 32. Rh1 Rxe3 33. fxe3 Ne7 34. e4 Rf3 35. Rf1 Rxf1 36. Kxf1 dxe4 37. dxe4 Nc6 38. Ke2 a6 39. Bc7 Kf6 40. Ke3 b5 41. axb5 axb5 42. d5 Ne5 43. Bxe5+ 1-0